 Dungeon Crawl Stone Soup version 0.23-a0-644-gb60d84b635 (webtiles) character file.

15656 Notair the Impaler (level 12, -9/112 HPs)
             Began as a Minotaur Gladiator on Jan 2, 2019.
             Was a High Priest of Okawaru.
             Mangled by a tentacled starspawn (12 damage)
             ... on level 1 of the Abyss.
             The game lasted 00:35:43 (12414 turns).

Notair the Impaler (Minotaur Gladiator)            Turns: 12414, Time: 00:35:44

Health: -9/112     AC: 13    Str: 20    XL:     12   Next: 3%
Magic:  0/11       EV:  9    Int:  9    God:    Okawaru [*****.]
Gold:   651        SH:  0    Dex: 12    Spells: 11/11 levels left

rFire    + . .     SeeInvis .   L - +1 glaive (freeze)
rCold    . . .     Gourm    .   (shield currently unavailable)
rNeg     . . .     Faith    .   u - +0 chain mail {rPois}
rPois    +         Spirit   +   c - +0 hat
rElec    .         Reflect  .   g - +0 cloak
rCorr    .         Harm     .   (no gloves)
MR       .....                  (no boots)
Stlth    ..........             v - amulet of guardian spirit
HPRegen  0.28/turn              e - ring of protection from cold
MPRegen  0.12/turn              G - ring of fire

@: no status effects
A: retaliatory headbutt, horns 2
a: Heroism, Finesse, Renounce Religion


You were on level 1 of the Abyss.
You worshipped Okawaru.
Okawaru was extremely pleased with you.
You were not hungry.

You visited 2 branches of the dungeon, and saw 12 of its levels.
You visited the Abyss 1 time.
You also visited: Sewer.

You collected 651 gold pieces.

Inventory:

Hand Weapons
 a - a +0 trident
 d - a +0 hunting sling
 L - a +1 glaive of freezing (weapon)
Missiles
 m - 400 stones
 s - 2 throwing nets (quivered)
 t - 85 sling bullets
Armour
 c - a +0 hat (worn)
 g - a +0 cloak (worn)
 u - a +0 chain mail of poison resistance (worn)
 D - a scarf of spirit shield
Jewellery
 e - a ring of protection from cold (left hand)
 v - an amulet of guardian spirit (around neck)
 A - an uncursed ring of magical power
 G - a ring of fire (right hand)
 P - an uncursed ring of positive energy {unknown}
Wands
 C - a wand of digging (3)
 H - a wand of iceblast (13)
 N - a wand of flame (7)
Scrolls
 h - 6 scrolls of teleportation
 k - a scroll of magic mapping {unknown}
 o - 6 scrolls of remove curse
 p - 3 scrolls of immolation
 r - 2 scrolls of amnesia
 x - 3 scrolls of random uselessness {unknown}
 y - a scroll of fear {unknown}
 B - 2 scrolls of fog {unknown}
 F - 3 scrolls of vulnerability {unknown}
 I - 3 scrolls of identify
 K - a scroll of blinking {unknown}
 M - a scroll of acquirement {unknown}
 O - a scroll of enchant armour {unknown}
Potions
 b - 2 potions of agility
 i - 2 potions of brilliance
 j - 7 potions of curing
 l - a potion of magic
 n - a potion of haste
 q - 4 potions of lignification
 w - 4 potions of might
 z - a potion of mutation
 E - a potion of ambrosia
 J - a potion of cancellation
 Q - a potion of heal wounds {unknown}
Comestibles
 f - 23 rations


   Skills:
 + Level 11.8 Fighting
 * Level 16.0 Polearms
 - Level 2.0 Throwing
 + Level 11.5 Armour
 - Level 3.2 Dodging


You had 11 spell levels left.
You didn't know any spells.
Your spell library contained the following spells:

 Spells                   Type           Power        Failure   Level  Hunger
 Beastly Appendage        Tmut           #.....       95%         1    ##.....
 Confusing Touch          Hex            #.....       95%         1    ##.....
 Corona                   Hex            #......      95%         1    ##.....
 Ensorcelled Hibernation  Hex/Ice        #.....       99%         2    ###....
 Sticks to Snakes         Tmut           #.......     99%         2    ###....
 Sublimation of Blood     Necr           #.........   99%         2    ###....
 Confuse                  Hex            #.......     100%        3    ####...
 Dazzling Spray           Conj/Hex       #.....       100%        3    ####...
 Gell's Gravitas          Tloc           #.........   100%        3    ####...
 Ignite Poison            Fire/Tmut/Pois #.......     100%        3    ####...
 Spider Form              Tmut/Pois      #.........   100%        3    ####...
 Tukima's Dance           Hex            #.......     100%        3    ####...
 Ice Form                 Ice/Tmut       #.......     100%        4    #####..
 Petrify                  Tmut/Erth      #.......     100%        4    #####..
 Alistair's Intoxication  Tmut/Pois      #.......     100%        5    ######.
 Blade Hands              Tmut           #.........   100%        5    ######.
 Irradiate                Conj/Tmut      #.........   100%        5    ######.
 Metabolic Englaciation   Hex/Ice        #.........   100%        5    ######.
 Yara's Violent Unravell  Hex/Tmut       #.........   100%        5    ######.


Dungeon Overview and Level Annotations

Branches:
Dungeon (11/15)            Temple (1/1) D:4            Lair (0/6) D:9
    Orc: D:9-12

Altars:
Ashenzari
Cheibriados
Dithmenos
Elyvilon
Fedhas
Gozag
Hepliaklqana
Kikubaaqudgha
Makhleb
Nemelex Xobeh
Okawaru
Qazlal
Ru
Sif Muna
Trog
Uskayaw
Vehumet
Wu Jian
Xom
Yredelemnul
Zin
The Shining One

Shops:
D:6 *   D:11 !?

Annotations:
D:3 3 runed doors, levstk's ghost, amateur TeAE
D:11 Sonja


Innate Abilities, Weirdness & Mutations

You reflexively headbutt those who attack you in melee.
You have a pair of horns on your head.


Message History

You are too injured to fight recklessly!
You are too injured to fight recklessly!
You hit the tentacled starspawn. You freeze the tentacled starspawn.
You headbutt the tentacled starspawn, but do no damage.
The tentacled starspawn is lightly damaged.
A chorus of shrieks assaults your mind.
You hit the tentacled starspawn. You freeze the tentacled starspawn.
The tentacled starspawn is lightly damaged.
A chorus of shrieks assaults your mind. The tentacled starspawn bites you!!
* * * LOW HITPOINT WARNING * * *
The tentacled starspawn engulfs you!
* * * LOW HITPOINT WARNING * * *
You slash the tentacled starspawn! You freeze the tentacled starspawn.
You headbutt the tentacled starspawn, but do no damage.
The tentacled starspawn is moderately damaged.
The tentacled starspawn bites you!
* * * LOW HITPOINT WARNING * * *
The tentacled starspawn engulfs you!
You die...

. ## ##. .#. ## .
#. # #.. ....#...
#.##.#..## .#.#
.# .
#...#.#.##...##.
.####
##.......#....#.
#.. .
..#.#..#..##
..#.. ##
#.#(##.#... ... .
#.X.X#.#.. ... #
. . #
#..#X@#.......
... #
#..##..#.#....#.#
# . ### #####...
. #.. . #.#...
..... .
#........##..# #.
. #..#.. # ... .
# #.#.# # . . ..#
### # . #


You could see 2 starcursed masses and a tentacled starspawn.

Vanquished Creatures
  Harold (D:7)
  Erica (D:8)
  4 two-headed ogres
  A manticore (D:11)
  Joseph (D:8)
  A smoke demon (Abyss:1)
  Prince Ribbit (D:6)
  3 trolls
  A dream sheep (shapeshifter) (Abyss:1)
  Grinder (D:3)
  2 hippogriffs
  10 yaks
  Sigmund (D:3)
  3 starcursed masses (Abyss:1)
  A vampire (D:9)
  3 hungry ghosts
  Grum (D:8)
  A large abomination (Abyss:1)
  A hornet zombie (D:10)
  3 black bears
  4 orc warriors
  5 ice beasts
  4 phantoms
  An eye of draining (D:10)
  3 ogres
  3 wolves (D:8)
  4 centaurs
  A crocodile (D:7)
  2 big kobolds
  10 bullfrogs
  A small abomination (Abyss:1)
  6 killer bees (D:9)
  9 scorpions
  9 wights
  6 crimson imps
  A centaur zombie (D:5)
  A bullfrog zombie (D:7)
  A quasit (D:8)
  18 orc wizards
  4 hounds
  A gnoll shaman (D:6)
  3 orc priests
  A centaur skeleton (D:9)
  2 jellies
  Terence (D:2)
  A bullfrog skeleton (D:5)
  3 iguanas
  9 worker ants
  2 hound zombies
  A hound skeleton (D:7)
  A worker ant zombie (D:7)
  A howler monkey zombie (D:9)
  4 gnolls (D:6)
  A howler monkey skeleton (D:5)
  23 adders
  5 river rats (D:6)
  4 shadow imps
  An ufetubus (Abyss:1)
  4 oozes
  An adder skeleton (D:5)
  7 worms
  9 leopard geckos
  46 orcs
  10 giant cockroaches
  6 goblins
  3 hobgoblins
  9 jackals
  6 quokkas
  6 ball pythons
  9 bats
  9 frilled lizards
  17 kobolds
  2 leopard gecko skeletons (D:4)
  A leopard gecko zombie (D:7)
  A quokka zombie (D:6)
  11 rats
355 creatures vanquished.

Vanquished Creatures (others)
  An orc (D:9)
  A fungus (D:4)
  3 starspawn tentacles (Abyss:1)
5 creatures vanquished.

Grand Total: 360 creatures vanquished

Notes
Turn   | Place    | Note
-------+----------+-------------------------------------------
     0 | D:1      | Notair the Minotaur Gladiator began the quest for the Orb.
     0 | D:1      | Reached XP level 1. HP: 18/18 MP: 0/0
   176 | D:1      | Reached skill level 4 in Polearms
   178 | D:1      | Reached XP level 2. HP: 21/25 MP: 1/1
   242 | D:1      | Reached skill level 1 in Armour
   867 | D:2      | Reached XP level 3. HP: 29/30 MP: 2/2
   902 | D:2      | Found a stormy altar of Qazlal.
  1061 | D:2      | Noticed Terence
  1065 | D:2      | Killed Terence
  1065 | D:2      | Reached skill level 5 in Polearms
  1065 | D:2      | Reached XP level 4. HP: 32/38 MP: 3/3
  1396 | D:2      | Found a bloodstained altar of Trog.
  1970 | D:3      | Noticed an ice beast
  1979 | D:3      | Killed an ice beast
  1979 | D:3      | Reached skill level 6 in Polearms
  1979 | D:3      | Reached XP level 5. HP: 46/46 MP: 4/4
  2006 | D:3      | Found a runed gate.
  2006 | D:3      | Found a runed gate.
  2006 | D:3      | Found a runed gate.
  2007 | D:3      | Noticed levstk's ghost (amateur TeAE)
  2037 | D:3      | Noticed Sigmund
  2060 | D:3      | Killed Sigmund
  2060 | D:3      | Reached XP level 6. HP: 38/53 MP: 5/5
  2274 | D:3      | Noticed Grinder
  2283 | D:3      | Killed Grinder
  2283 | D:3      | Reached skill level 5 in Fighting
  2283 | D:3      | Reached skill level 7 in Polearms
  2283 | D:3      | Reached XP level 7. HP: 41/61 MP: 4/6
  2843 | D:4      | Found a sparkling altar of Nemelex Xobeh.
  2898 | D:4      | Reached skill level 8 in Polearms
  2919 | D:4      | Reached skill level 5 in Armour
  3137 | D:4      | Found a staircase to the Ecumenical Temple.
  3141 | Temple   | Entered the Ecumenical Temple
  3248 | Temple   | Became a worshipper of Warmaster Okawaru
  3626 | D:4      | Reached XP level 8. HP: 60/70 MP: 7/7
  3659 | D:4      | Reached skill level 9 in Polearms
  4022 | D:5      | Entered Level 5 of the Dungeon
  4613 | D:5      | Reached * piety under Okawaru
  5158 | D:6      | Found Xozxuamp's Assorted Antiques.
  5281 | D:6      | Reached skill level 10 in Polearms
  5350 | D:6      | Noticed Prince Ribbit
  5367 | D:6      | Killed Prince Ribbit
  5367 | D:6      | Reached ** piety under Okawaru
  5371 | D:6      | Reached XP level 9. HP: 36/79 MP: 3/8
  5621 | D:6      | Found a glowing drain.
  5631 | Sewer    | Entered a sewer
  5972 | Sewer    | Reached skill level 11 in Polearms
  6462 | D:6      | Found an opulent altar of Gozag.
  6679 | D:7      | Reached *** piety under Okawaru
  6788 | D:7      | Reached skill level 12 in Polearms
  6959 | D:7      | Noticed Harold
  6979 | D:7      | Killed Harold
  6979 | D:7      | Reached XP level 10. HP: 63/91 MP: 5/9
  7137 | D:7      | Found a hide-covered altar of Uskayaw.
  7285 | D:8      | Reached **** piety under Okawaru
  7298 | D:8      | Noticed Joseph
  7314 | D:8      | Killed Joseph
  7314 | D:8      | Reached skill level 13 in Polearms
  7701 | D:8      | Found a glowing golden altar of the Shining One.
  7701 | D:8      | Found a shadowy altar of Dithmenos.
  7715 | D:8      | Noticed Erica
  7738 | D:8      | Killed Erica
  7748 | D:8      | Reached skill level 10 in Fighting
  7853 | D:8      | Noticed Grum
  7863 | D:8      | Killed Grum
  8436 | D:9      | Found a staircase to the Lair.
  8440 | D:9      | Reached ***** piety under Okawaru
  8501 | D:9      | Reached skill level 14 in Polearms
  8514 | D:9      | Reached skill level 10 in Armour
  8533 | D:9      | Reached XP level 11. HP: 58/101 MP: 7/10
  8850 | D:9      | Noticed a two-headed ogre
  8864 | D:9      | Killed a two-headed ogre
  9195 | D:9      | Identified the +8 spear "Cingaal" {holy, Stlth+} (You found
                  | it on level 9 of the Dungeon)
  9302 | D:9      | Received a gift from Okawaru
  9442 | D:9      | Found an ancient bone altar of Kikubaaqudgha.
  9485 | D:9      | Noticed a two-headed ogre
  9496 | D:9      | Killed a two-headed ogre
  9687 | D:10     | Entered Level 10 of the Dungeon
  9687 | D:10     | Found an ornate altar of the Wu Jian Council.
  9986 | D:10     | Reached skill level 15 in Polearms
 10305 | D:10     | Noticed a two-headed ogre
 10314 | D:10     | Killed a two-headed ogre
 10648 | D:10     | Noticed a two-headed ogre
 10658 | D:10     | Killed a two-headed ogre
 11225 | D:11     | Noticed Sonja
 11553 | D:11     | Found Bobe's Distillery.
 11555 | D:11     | Found Sustra's Magic Scroll Boutique.
 11697 | D:11     | HP: 3/103 [yak (9)]
 11705 | D:11     | HP: 4/104 [yak (8)]
 12271 | D:11     | Cast into level 1 of the Abyss (Sonja)
 12394 | Abyss:1  | Noticed a starcursed mass
 12396 | Abyss:1  | Noticed a tentacled starspawn
 12402 | Abyss:1  | Killed a starcursed mass
 12402 | Abyss:1  | Reached skill level 16 in Polearms
 12402 | Abyss:1  | Reached XP level 12. HP: 83/112 MP: 6/11
 12408 | Abyss:1  | Received a gift from Okawaru
 12414 | Abyss:1  | HP: 3/112 [tentacled starspawn (7)]
 12414 | Abyss:1  | Mangled by a tentacled starspawn

Vault maps used:
D:1:      minmay_arrival_floating_metal
D:2:      nicolae_qazlal_general_emergency, first_ration,
          chequers_serial_rivers_large_b, kennysheep_big_empty_room,
          trog_butcher_becter, uniq_terence
D:3:      gammafunk_ghost_necromancy, uniq_grinder, uniq_sigmund
D:4:      old_forge, minmay_temple_entry_steel_oval, nemelex_altar_shiori
D:5:      black_bear_nest_1, minmay_chambers_of_fives
D:6:      lemuel_coloured_pillars_altar, serial_shops, kennysheep_mini,
          lightli_sewer_entry_pipes, uniq_prince_ribbit1
D:7:      basic_altar, uniq_harold
D:8:      gammafunk_temple_overflow_elements, uniq_erica, uniq_joseph, uniq_grum
D:9:      lair_entry_dummy, basic_altar, minivault_19,
          small_chamber_with_monster, blue_anna_alchemist
D:10:     basic_altar, serial_column_ruins, column_ruins_columns_corner,
          column_ruins_grid_3, column_ruins_open_small,
          column_ruins_columns_corner, column_ruins_columns_corner
D:11:     serial_shops, nicolae_shop_statue_plus, nicolae_shop_window_shopping,
          gammafunk_ghost_smash, lemuel_old_faithful, uniq_sonja
Temple:   dpeg_five_rooms_temple
Sewer:    sewer_frog_island_01

Skill      XL: |  1  2  3  4  5  6  7  8  9 10 11 |
---------------+----------------------------------+-----
Polearms       | 4 5 6 7 8 10 12 14 16 | 16.0
Armour         | 1 2 3 4 5 6 8 10 11 | 11.5
Fighting       | 3 4 5 6 7 9 10 11 | 11.8
Throwing       | |  2.0
Dodging        | |  3.2

Action                   |  1- 3 |  4- 6 |  7- 9 | 10-12 || total
-------------------------+-------+-------+-------+-------++-------
Melee: Trident           |    66 |    70 |   583 |       ||   719
       Headbutt          |    10 |    11 |    91 |    69 ||   181
       Halberd           |       |       |       |   299 ||   299
       Glaive            |       |       |       |   203 ||   203
 Fire: Hunting sling     |       |    22 |       |       ||    22
Throw: Throwing net      |       |     1 |     3 |     6 ||    10
Invok: Heroism           |       |       |       |     5 ||     5
  Use: Scroll            |       |     1 |    12 |     4 ||    17
       Potion            |       |       |       |     3 ||     3
 Stab: Held in net/web   |       |       |     2 |       ||     2
       Distracted        |       |       |       |     2 ||     2
  Eat: Chunk             |       |     4 |    15 |    16 ||    35
       Ration            |       |       |       |     3 ||     3
Armor: Leather armour    |     6 |     4 |       |       ||    10
       Chain mail        |       |    22 |   220 |   192 ||   434
Dodge: Dodged            |    29 |    26 |   197 |   158 ||   410

Table legend:
 A = Non-vault XP
 B = Vault XP
 C = Vault XP percentage of total XP
 D = Non-vault monster count
 E = Vault monster count
 F = Vault count percentage of total count
                 A         B        C        D         E       F
            +---------+---------+-------+---------+---------+-------
      Total |   17299 |    5067 |  22.7 |     289 |      66 |  18.6
            +---------+---------+-------+---------+---------+-------
        D:1 |      17 |       0 |   0.0 |      11 |       0 |   0.0
        D:2 |      81 |      48 |  37.2 |      23 |       5 |  17.9
        D:3 |     169 |     461 |  73.2 |      19 |       2 |   9.5
        D:4 |     521 |     409 |  44.0 |      26 |      13 |  33.3
        D:5 |     339 |     174 |  33.9 |      15 |       4 |  21.1
        D:6 |     861 |     426 |  33.1 |      29 |      14 |  32.6
        D:7 |    1763 |    1002 |  36.2 |      33 |       1 |   2.9
        D:8 |    1006 |    1912 |  65.5 |      22 |       6 |  21.4
        D:9 |    5409 |     407 |   7.0 |      59 |       2 |   3.3
       D:10 |    3805 |       0 |   0.0 |      29 |       0 |   0.0
       D:11 |    1857 |       0 |   0.0 |      15 |       0 |   0.0
    Abyss:1 |    1471 |       0 |   0.0 |       8 |       0 |   0.0
      Sewer |       0 |     228 | 100.0 |       0 |      19 | 100.0
            +---------+---------+-------+---------+---------+-------
